 Dungeon Crawl Stone Soup version 0.29.1-13-g9f3cf754e1 (webtiles) character file.

Game seed: 5255191535141457236

149 KittyFluff the Cudgeller (level 5, -2/49 HPs)
             Began as a Gargoyle Berserker on Jan 20, 2023.
             Was a Believer of Trog.
             Slain by Grinder (7 damage)
             ... on level 3 of the Dungeon.
             The game lasted 00:09:20 (2967 turns).

KittyFluff the Cudgeller (Gargoyle Berserker)       Turns: 2967, Time: 00:09:21

Health: -2/49      AC:  9    Str: 20    XL:     5   Next: 31%
Magic:  5/5        EV: 12    Int:  8    God:    Trog [**....]
Gold:   155        SH:  0    Dex: 11    Spells: 4/4 levels left

rFire   . . .      SeeInvis .   a - +0 mace
rCold   . . .      Faith    .   (no shield)
rNeg    + . .      Spirit   .   g - +0 leather armour
rPois   ∞          Reflect  .   j - +0 helmet
rElec   +          Harm     .   h - +0 cloak
rCorr   .          Rampage  .   (no gloves)
Will    .....                   (no boots)
Stlth   ..........              (no amulet)
HPRegen 0.16/turn               (no ring)
MPRegen 0.09/turn               (no ring)

@: berserking, very quick
A: sickness immunity, AC +4, negative energy resistance 1, electricity
resistance, torment resistance 1, petrification resistance
a: Renounce Religion, Berserk, Trog's Hand


You were on level 3 of the Dungeon.
You worshipped Trog.
Trog was pleased with you.
You visited 1 branch of the dungeon, and saw 3 of its levels.

You collected 155 gold pieces.

Inventory:

Hand Weapons
 a - a +0 mace (weapon)
Missiles
 d - 15 stones (quivered)
Armour
 g - a +0 leather armour (worn)
 h - a +0 cloak (worn)
 j - a +0 helmet (worn)
Scrolls
 b - a scroll of noise {unknown}
 e - a scroll of amnesia {unknown}
 i - a scroll of identify {unknown}
Potions
 c - a potion of magic {unknown}
 f - a potion of flight {unknown}


   Skills:
 + Level 4.2 Fighting
 + Level 4.3 Maces & Flails
 * Level 3.0 Armour
 + Level 2.1 Dodging
 + Level 1.0 Stealth


You had 4 spell levels left.
You didn't know any spells.
Your spell library was empty.

Dungeon Overview and Level Annotations

Branches:
Dungeon (3/15)

Altars:

Annotations:
D:3 Grinder


Innate Abilities, Weirdness & Mutations

You are immune to sickness and miasma.
Your stone body is resilient. (AC +4)
You are immune to poison.
You resist negative energy. (rN+)
You are resistant to electric shocks. (rElec)
You are resistant to unholy torment.
You are immune to petrification.


Message History

You hit Grinder.
Grinder is moderately wounded.
Grinder hits you.
You writhe in agony.
Grinder blinks!
Grinder says, "At least Makhleb appreciates what I'm doing."
Grinder gestures at you. You resist with significant effort. Grinder hits you.
You writhe in agony.
You barely miss Grinder.
Grinder is moderately wounded.
Grinder completely misses you.
You hit Grinder but do no damage.
Grinder is moderately wounded.
Grinder blinks!
Grinder blinks!
You sock Grinder!
Grinder is heavily wounded.
Grinder blinks!
Grinder gestures at you.
You suddenly lose the ability to move!
You can move again.
Grinder blinks!
Grinder blinks!
You start resting.
Grinder is nearby!
You hit Grinder but do no damage.
Grinder is heavily wounded.
Grinder closely misses you.
You sock Grinder!
Grinder is severely wounded.
Grinder says, "My boss said I was rubbish.
His entrails said otherwise."
Grinder hits you!
* * * LOW HITPOINT WARNING * * *
You writhe in agony.
* * * LOW HITPOINT WARNING * * *
Grinder gestures at you. Pain shoots through your body!
* * * LOW HITPOINT WARNING * * *
A red film seems to cover your vision as you go berserk!
You feel yourself moving faster!
You feel mighty! Grinder hits you!
You die...

############### ######
#.....@5......####.....
#.##########...##.[....
# #..).^......###.
....###.).##..# #. ##
##.###..# #. #......#
#. #####..# #. #..# #.
######..###.


You could see Grinder.

Vanquished Creatures
  Crazy Yiuf (D:2)
  Jessica (D:2)
  Robin (D:2)
  2 worms (D:2)
  2 dart slugs
  2 endoplasms
  2 giant cockroaches
  11 goblins
  12 hobgoblins
  6 jackals
  4 quokkas
  5 ball pythons
  4 bats
  3 frilled lizards
  2 kobolds
  9 rats
67 creatures vanquished.

Notes
Turn   | Place    | Note
-------+----------+-------------------------------------------
     0 | D:1      | KittyFluff the Gargoyle Berserker began the quest for the
                  | Orb.
     0 | D:1      | Reached XP level 1. HP: 14/14 MP: 1/1
   442 | D:1      | Found a faded altar of an unknown god.
   455 | D:1      | Reached XP level 2. HP: 14/19 MP: 2/2
   846 | D:1      | Reached XP level 3. HP: 14/24 MP: 3/3
  1115 | D:2      | Reached ** piety under Trog
  1760 | D:2      | Reached XP level 4. HP: 19/29 MP: 4/4
  1933 | D:2      | Noticed Jessica
  1939 | D:2      | Killed Jessica
  1953 | D:2      | Found a runed translucent door.
  1954 | D:2      | Noticed Crazy Yiuf
  1961 | D:2      | Killed Crazy Yiuf
  1962 | D:2      | Reached XP level 5. HP: 29/33 MP: 5/5
  2309 | D:3      | Noticed Robin
  2787 | D:2      | Killed Robin
  2836 | D:3      | Reached skill level 1 in Stealth
  2922 | D:3      | Noticed Grinder
  2924 | D:3      | Paralysed by Grinder for 4 turns
  2949 | D:3      | Paralysed by Grinder for 3 turns
  2967 | D:3      | Slain by Grinder

Illustrated notes

Levels and vault maps discovered:
D:1:      dpeg_arrival_prison, layout_loops_cross,
          shapermc_ecumenical_altar_notcrosses
D:2:      minmay_angry_zag, layout_loops_corners, uniq_crazy_yiuf_cottage,
          uniq_jessica
D:3:      layout_loops_ring, lightli_corner_chamber, uniq_grinder, uniq_robin

Skill      XL: |  1  2  3  4  5 |
---------------+----------------+-----
Fighting       | 4 |  4.2
Dodging        | 2 |  2.1
Maces & Flails | 4 |  4.3
Armour         | 3 |  3.0
Stealth        | 1 |  1.0

Action                   |  1- 3 |  4- 6 || total
-------------------------+-------+-------++-------
Melee: Mace              |   119 |    80 ||   199
Invok: Berserk           |       |     2 ||     2
 Stab: Sleeping          |     3 |       ||     3
Armor: Animal skin       |    47 |       ||    47
       Leather armour    |     2 |    44 ||    46
Dodge: Dodged            |    87 |    57 ||   144
